 Dungeon Crawl Stone Soup version 0.17-a0-1798-g879a7aa (webtiles) character file.

245046 4thArraOfDagon the Brawler (level 18, -9/196 HPs)
             Began as a Troll Chaos Knight on Sept 10, 2015.
             Was the Champion of Cheibriados.
             Mangled by an azure jelly (14 damage)
             ... on level 2 of the Pits of Slime.
             The game lasted 01:47:07 (15941 turns).

4thArraOfDagon the Brawler (Troll Chaos Knight)    Turns: 15941, Time: 01:47:07

Health: -9/196     AC: -3    Str: 40      XL:     18   Next: 75%
Magic:  11/25      EV: 22    Int: 34      God:    Cheibriados [******]
Gold:   2081       SH:  0    Dex: 28 (30) Spells: 2 memorised, 17 levels left

rFire  . . .     SeeInvis .     p - staff of wizardry {!a}
rCold  + . .     Clarity  .     W - +2 robe {MR+}
rNeg   . . .     SustAt   .     K - +5 shield {AC+3}
rPois  +         Gourm    +     (helmet restricted)
rElec  .         Spirit   .     N - +2 cloak {+Inv}
rCorr  .         Warding  .     (gloves unavailable)
rMut   .         Stasis   .     (boots unavailable)
MR     ++...                    B - amulet of faith
Stlth  +.........               U - ring of poison resistance
                                o - ring of protection from cold

@: confused, brilliant, about to teleport, corroded equipment, very slightly
contaminated, very slow, very resistant to hostile enchantments, very unstealthy
A: unfitting armour, claws 3, iridescent scales 1, thin skeletal structure 1,
agile 2, deterioration 1, fast metabolism 3, gourmand, regeneration 2, robust 1,
shaggy fur 1, spit poison 1, tough skin 2
a: Spit Poison, Bend Time, Temporal Distortion, Slouch, Step From Time, Renounce
Religion, Evoke Invisibility
}: 2/15 runes: decaying, gossamer


You were on level 2 of the Pits of Slime.
You worshipped Cheibriados.
Cheibriados was exalted by your worship.
You were not hungry.

You visited 8 branches of the dungeon, and saw 43 of its levels.
You visited the Abyss 3 times.
You visited 1 bazaar.
You also visited: Labyrinth, Ice Cave, Volcano and Wizlab.

You collected 3558 gold pieces.
You spent 1477 gold pieces at shops.

Inventory:

Hand weapons
 d - a +0 blowgun
Missiles
 z - 4 large rocks (quivered)
 O - 7 curare-tipped needles
Armour
 y - a +2 large shield of positive energy
 K - a +5 shield of protection (worn)
 N - a +2 cloak of invisibility (worn)
 W - a +2 robe of magic resistance (worn)
Magical staves
 p - an uncursed staff of wizardry (weapon) {!a}
Jewellery
 a - the ring of Uchih {SustAt rN+}
   (You bought it in a shop on level 4 of the Orcish Mines)

   [ring of sustain attributes]

   It sustains your strength, intelligence and dexterity.
   It protects you from negative energy.
 c - an uncursed ring of teleportation
 g - the ring "Zodghar" {rC- Str+4 Dex+3}
   (You found it on level 2 of the Swamp)

   [ring of dexterity]

   It affects your strength (+4).
   It affects your dexterity (+3).
   It makes you vulnerable to cold.
 o - a ring of protection from cold (left claw)
 B - an amulet of faith (around neck)
 F - an uncursed ring of positive energy
 H - an uncursed ring of flight
 U - a ring of poison resistance (right claw)
 V - an uncursed amulet of stasis
 Y - an uncursed amulet of warding
 Z - the ring of Freedom {rF+ Str+3 SInv}
   (You took it off a deep elf high priest on level 3 of the Elven Halls)

   [ring of see invisible]

   It affects your strength (+3).
   It protects you from fire.
   It lets you see invisible.
Magical devices
 e - a wand of disintegration (17)
 n - a wand of digging (9)
 R - a wand of draining (6)
 X - a wand of polymorph (10)
Scrolls
 f - 9 scrolls of remove curse
 r - 2 scrolls of torment
 t - 3 scrolls of immolation
 v - a scroll of summoning
 C - 2 scrolls of fog
 D - 4 scrolls of teleportation
 J - a scroll of fear
 Q - 3 scrolls of identify
 T - 2 scrolls of recharging
Potions
 i - 2 potions of cure mutation
 l - 6 potions of heal wounds
 m - a potion of brilliance
 s - 13 potions of curing
 w - 2 potions of lignification
 x - 2 potions of agility
 A - 5 potions of ambrosia
 E - 2 potions of invisibility
 I - 5 potions of resistance
 L - 2 potions of magic
 M - 5 potions of might
 P - a potion of cancellation
Miscellaneous
 k - a stone of tremors
 G - a box of beasts {used: 1}
 S - a lamp of fire
Comestibles
 b - 15 bread rations
 h - 9 meat rations
 j - 5 royal jellies
 q - 3 beef jerkies
 u - 12 fruits


   Skills:
 - Level 11.1 Fighting
 - Level 11.0 Dodging
 - Level 12.0 Shields
 - Level 17.1 Unarmed Combat
 + Level 5.4 Spellcasting
 * Level 1.8 Charms
 - Level 2.0 Necromancy
 * Level 7.3 Translocations
 - Level 11.1 Invocations
 - Level 2.4 Evocations


You had 17 spell levels left.
You knew the following spells:

 Your Spells              Type           Power        Failure   Level  Hunger
a - Controlled Blink      Tloc           N/A          38%         7    #######
b - Regeneration          Chrm/Necr      #####.....   1%          3    None


Dungeon Overview and Level Annotations

Branches:
Dungeon (15/15)            Temple (1/1) D:4            Lair (8/8) D:9
  Swamp (4/4) Lair:5       Spider (4/4) Lair:3        Slime (4/6) Lair:6
    Orc (4/4) D:10            Elf (3/3) Orc:4        Vaults (0/5) D:13
 Depths: D:15

Altars:
Ashenzari
Cheibriados
Kikubaaqudgha
Makhleb
Nemelex Xobeh
Okawaru
Qazlal
Ru
Sif Muna
Trog
Vehumet
Xom
Yredelemnul
Zin
The Shining One
Beogh

Shops:
D:11 *   D:14 *   D:15 [=}   Orc:4 (=[*

Annotations:
D:5 Prince Ribbit
D:12 exclusion: hydra
D:13 exclusion: orange crystal statue
Slime:4 Dissolution


Innate Abilities, Weirdness & Mutations

You are too large for most types of armour.
You have claws for hands.
Your metabolism is lightning-fast.
You like to eat raw meat.
You heal very quickly.
You are covered in fur (AC +1).
You have very tough skin (AC +2).
You are partially covered in iridescent scales (AC +4).
You have a somewhat thin skeletal structure (Dex +2, Stealth).
You are very agile. (Dex +4)
Your body sometimes deteriorates upon taking damage.
You are robust (+10% HP).
You can spit weak poison.


Message History

Read which item? (? for menu, Esc to quit)
As you read the scroll of teleportation, it crumbles to dust.
You feel strangely unstable.
The slime creature quivers.
The jelly quivers.
The jelly jiggles.
You block the jelly's attack.
The golden eye turns its gaze towards you. x2
Unknown command.
Unknown command.
Drink which item? (? for menu, Esc to quit)
You feel much better. The golden eye blinks at you.
You are confused.
The jelly barely misses you. The azure jelly hits you!
* * * LOW HITPOINT WARNING * * *
The azure jelly freezes you!! You resist.
* * * LOW HITPOINT WARNING * * *
The azure jelly hits you.
* * * LOW HITPOINT WARNING * * *
The azure jelly freezes you! You resist.
You die...

########### ##
##.........#..#
.............J.
...............
#.....J.G..J..J
.......@JJ.J...
.G....GG.......
........GG.....
.J.#.G.......#.
.....ยง...#.....
#.#....###.....
. ..... ..##
...... ###


You could see an azure jelly, 5 slime creatures, an eye of devastation, 2
jellies and 6 golden eyes.

Vanquished Creatures
  Norris (Spider:3)
  Arachne (Spider:3)
  2 deep elf blademasters (Elf:3)
  3 acid blobs
  A tentacled starspawn (Abyss:1)
  4 azure jellies
  2 thorn hunters (Swamp:2)
  An orc warlord (Orc:4)
  10 deep elf sorcerers (Elf:3)
  4 emperor scorpions (Spider:4)
  3 ghost moths (Spider:4)
  Nessos (Lair:7)
  7 deep elf demonologists (Elf:3)
  8 deep elf annihilators (Elf:3)
  5 vault guards (D:13)
  An ettin (Abyss:1)
  3 deep elf death magi (Elf:3)
  The ghost of 4thArraOfDagon the Cleaver, a powerful DDBe of Trog (Orc:1)
  A minotaur (Lab)
  3 deep elf high priests (Elf:3)
  Harold (D:10)
  An entropy weaver (Spider:3)
  9 hydras
  5 ice dragons
  A ghost crab (Swamp:2)
  2 catoblepae
  Erica (Lair:1)
  6 alligators
  3 death yaks (Lair:8)
  A dancing weapon (Elf:2)
  An ogre mage (Volcano)
  4 orc high priests
  A titan zombie (Abyss:1)
  2 sun demons (WizLab)
  Sonja (Lair:1)
  A fire crab (Lair:7)
  An unseen horror (D:14)
  3 deep elf knights
  A shambling mangrove (Swamp:1)
  3 swamp dragons
  2 ice statues (IceCv)
  A deep elf summoner (Elf:3)
  A wizard (D:14)
  6 hill giants
  2 large abominations (Abyss:3)
  10 wolf spiders
  5 orc sorcerers
  5 orb spiders
  2 griffons
  4 deep elf conjurers
  3 orc knights (Orc:4)
  A shining eye (Slime:4)
  A hornet (shapeshifter) (D:15)
  8 ugly things
  3 moths of wrath
  2 manticores
  6 hornets
  13 elephants (Lair:6)
  2 centaur zombies
  A cyclops (D:14)
  An eye of devastation (Slime:2)
  6 black mambas
  A gargoyle (D:13)
  2 centaur skeletons (D:13)
  12 spiny frogs
  A kobold demonologist (WizLab)
  2 efreet
  2 fire drakes
  A komodo dragon (Lair:5)
  5 freezing wraiths
  8 deep elf priests
  An ancient zyme (Abyss:2)
  4 trolls
  4 giant leeches (Swamp:3)
  8 demonic crawlers
  A spriggan druid (Lair:8)
  A jumping spider (shapeshifter) (D:14)
  3 jumping spiders (Spider:4)
  4 polar bears (Lair:8)
  7 two-headed ogres
  A bog body (Swamp:4)
  An ice dragon zombie (Abyss:2)
  A boulder beetle (Lair:8)
  12 blink frogs
  9 trapdoor spiders
  59 slime creatures
  2 wraiths
  3 water elementals
  4 redbacks
  7 tarantellas
  19 deep elf magi
  45 yaks
  A spriggan (shapeshifter) (Elf:2)
  9 spriggans (Lair:8)
  5 shadows
  A ynoxinul (WizLab)
  17 vampire mosquitoes
  5 golden eyes (Slime:1)
  3 hungry ghosts
  5 deep elf fighters
  35 wolves
  9 hippogriffs
  4 swamp worm simulacra (Swamp:4)
  A steam dragon (D:15)
  A mottled dragon (D:14)
  A soldier ant (D:10)
  9 water moccasins
  12 hydra simulacra (Swamp:4)
  A naga (D:14)
  3 porcupines
  9 swamp worms
  12 spiders
  6 swamp drakes
  21 ice beasts
  11 wasps
  31 orc warriors
  A black bear (shapeshifter) (D:12)
  2 sky beasts
  6 black bears
  3 centaurs
  7 ogres
  A phantom (D:12)
  7 crocodiles
  2 necrophages (D:11)
  6 giant frogs
  A big kobold (D:9)
  An earth elemental (Lab)
  16 killer bees
  A wyvern skeleton (D:14)
  8 wights
  2 scorpions
  11 jellies
  3 electric eels (D:13)
  7 crimson imps
  7 hounds
  22 orc wizards
  A giant frog zombie (D:6)
  5 iguanas
  25 orc priests
  A quasit (D:14)
  A giant frog skeleton (D:4)
  4 hell rats (Lair:4)
  6 worker ants
  An iguana (shapeshifter) (Orc:4)
  11 sheep
  A killer bee zombie (D:5)
  2 hound skeletons (D:11)
  28 river rats
  A worker ant zombie (D:11)
  6 adders
  5 shadow imps
  4 swamp drake simulacra (Swamp:4)
  3 oozes (Lair:6)
  2 adder skeletons
  137 orcs
  A goblin (D:3)
  2 jackals (D:8)
  6 kobolds (D:9)
  A quokka (D:7)
  11 bats (D:9)
  10 rats
  A crawling corpse (Elf:3)
  A plant (Lair:8)
1028 creatures vanquished.

Vanquished Creatures (collateral kills)
  An orb spider (Spider:2)
  A wolf spider (Spider:2)
2 creatures vanquished.

Vanquished Creatures (others)
  4 vampire mosquitoes (Swamp:4)
  A swamp worm (Swamp:4)
  An eye of draining (D:13)
  A sheep (Lair:6)
  A ball python (D:5)
  A crawling corpse (Elf:3)
  24 fungi
  7 plants
  2 starspawn tentacles (Abyss:1)
42 creatures vanquished.

Grand Total: 1072 creatures vanquished

Notes
Turn   | Place    | Note
--------------------------------------------------------------
     0 | D:1      | 4thArraOfDagon the Troll Chaos Knight began the quest for the Orb.
     0 | D:1      | Reached XP level 1. HP: 22/22 MP: 0/0
   104 | D:3      | Reached XP level 2. HP: 7/29 MP: 1/1
   155 | D:2      | XOM: divination: detect items
   237 | D:4      | Noticed a giant frog skeleton
   244 | D:4      | Killed a giant frog skeleton
   244 | D:4      | Reached XP level 3. HP: 36/36 MP: 2/2
   287 | D:5      | Entered Level 5 of the Dungeon
   287 | D:5      | Found a sparkling altar of Nemelex Xobeh.
   287 | D:5      | Found a shattered altar of Ashenzari.
   287 | D:5      | Found an iron altar of Okawaru.
   287 | D:5      | Found a radiant altar of Vehumet.
   308 | D:5      | Found a burning altar of Makhleb.
   308 | D:5      | Found a sacrificial altar of Ru.
   310 | D:5      | Found a bloodstained altar of Trog.
   398 | D:6      | Reached skill level 4 in Unarmed Combat
   559 | D:7      | Found a glowing golden altar of the Shining One.
   562 | D:7      | Found a basalt altar of Yredelemnul.
   564 | D:7      | Noticed a profane servitor
   570 | D:7      | Noticed an angel
   658 | D:7      | Reached XP level 4. HP: 41/44 MP: 3/3
   709 | D:7      | XOM: potion effect (agility)
   725 | D:7      | Reached XP level 5. HP: 51/53 MP: 4/4
   734 | D:7      | Reached skill level 1 in Evocations
   746 | D:7      | Reached skill level 5 in Unarmed Combat
   746 | D:7      | Reached XP level 6. HP: 32/61 MP: 5/5
   748 | D:7      | XOM: potion effect (curing)
   788 | D:7      | Noticed a hungry ghost
   806 | D:7      | Killed a hungry ghost
   806 | D:7      | Reached XP level 7. HP: 41/68 MP: 7/7
   817 | D:7      | Found a glowing silver altar of Zin.
   987 | D:4      | Found a staircase to the Ecumenical Temple.
   994 | Temple   | Entered the Ecumenical Temple
  1006 | Temple   | Fell from the grace of Xom
  1006 | Temple   | Became a worshipper of Cheibriados the Contemplative
  1083 | D:5      | Reached skill level 6 in Unarmed Combat
  1089 | D:5      | XOM: give mutation
  1089 | D:5      | Gained mutation: You are robust (+10% HP). [Xom's mischief]
  1122 | D:5      | Noticed Prince Ribbit
  1143 | D:5      | Noticed a scorpion
  1145 | D:5      | Killed a scorpion
  1195 | D:5      | Found a shimmering altar of Xom.
  1195 | D:5      | Noticed an ice beast
  1206 | D:5      | Killed an ice beast
  1272 | D:6      | Reached skill level 1 in Invocations
  1273 | D:6      | Noticed a giant frog
  1281 | D:6      | Killed a giant frog
  1301 | D:6      | Noticed a black bear
  1306 | D:6      | Killed a black bear
  1376 | D:6      | Reached XP level 8. HP: 76/85 MP: 8/8
  1675 | D:9      | Acquired Cheibriados's first power
  1675 | D:9      | Reached skill level 7 in Unarmed Combat
  1788 | D:10     | Entered Level 10 of the Dungeon
  1788 | D:10     | Noticed a hill giant
  1853 | D:10     | XOM: noise
  1905 | D:9      | Found a deep blue altar of Sif Muna.
  2114 | D:9      | Reached skill level 8 in Unarmed Combat
  2114 | D:9      | Reached XP level 9. HP: 86/95 MP: 10/10
  2117 | D:9      | Found a staircase to the Lair.
  2131 | D:9      | Reached skill level 5 in Fighting
  2169 | D:9      | Noticed a troll
  2204 | D:9      | Noticed a cyan ugly thing
  2251 | D:9      | XOM: cast spell 'Chain of Chaos'
  2261 | D:9      | Killed a troll
  2261 | D:9      | Reached skill level 5 in Dodging
  2547 | D:9      | Acquired Cheibriados's second power
  2560 | D:9      | Reached skill level 9 in Unarmed Combat
  2656 | D:10     | Killed a hill giant
  2774 | D:10     | XOM: harmless Trmt miscast
  2816 | D:10     | Reached XP level 10. HP: 107/107 MP: 12/12
  2869 | D:11     | Noticed Harold
  2895 | D:10     | Killed Harold
  2895 | D:10     | Reached skill level 10 in Unarmed Combat
  2935 | D:10     | XOM: silly message
  2951 | D:10     | Acquired Cheibriados's third power
  2951 | D:10     | Reached skill level 5 in Invocations
  3030 | D:10     | Found a roughly hewn altar of Beogh.
  3030 | D:10     | Found a staircase to the Orcish Mines.
  3147 | D:10     | XOM: mild Trmt miscast
  3198 | D:10     | Gained mutation: You are agile. (Dex +2) [mutagenic meat]
  3199 | D:10     | Lost mutation: You are robust (+10% HP). [mutagenic meat]
  3200 | D:10     | Gained mutation: Scrolls take you a little longer to read. [mutagenic meat]
  3201 | D:10     | Gained mutation: You are very agile. (Dex +4) [mutagenic meat]
  3237 | D:11     | Found Iqueciut's General Store.
  3253 | D:11     | Bought a scroll of identify for 32 gold pieces
  3253 | D:11     | Bought a scroll of fog for 32 gold pieces
  3253 | D:11     | Bought a potion of heal wounds for 80 gold pieces
  3261 | D:11     | Lost mutation: Scrolls take you a little longer to read. [helix card]
  3345 | D:11     | Noticed a manticore
  3356 | D:11     | Killed a manticore
  3396 | D:11     | Noticed a hill giant
  3400 | D:11     | Killed a hill giant
  3400 | D:11     | Acquired Cheibriados's fourth power
  3400 | D:11     | Reached skill level 11 in Unarmed Combat
  3462 | D:11     | XOM: medium Ice miscast
  3494 | D:11     | Reached XP level 11. HP: 88/107 MP: 14/14
  3587 | D:13     | Noticed a hill giant
  3602 | D:12     | Gained mutation: You can spit weak poison. [mutagenic meat]
  3688 | D:12     | Noticed a seven-headed hydra
  3786 | D:12     | XOM: mild Conj miscast
  3896 | D:12     | XOM: give mutations
  3896 | D:12     | Gained mutation: You are partially covered in iridescent scales (AC +4). [Xom's mischief]
  3896 | D:12     | Gained mutation: You are weak. (Str -2) [Xom's mischief]
  3896 | D:12     | Gained mutation: You regenerate. [Xom's mischief]
  4252 | D:13     | Found a gate to the Vaults.
  4252 | D:13     | Noticed a vault guard
  4253 | D:13     | Noticed a vault guard
  4253 | D:13     | Noticed a vault guard
  4258 | D:13     | Killed a vault guard
  4264 | D:13     | Noticed a vault guard
  4309 | D:13     | Noticed a catoblepas
  4317 | D:13     | Killed a catoblepas
  4317 | D:13     | Reached skill level 12 in Unarmed Combat
  4385 | D:13     | Killed a vault guard
  4502 | D:13     | XOM: give mutation
  4502 | D:13     | Lost mutation: You are weak. (Str -2) [Xom's mischief]
  4588 | D:13     | Reached XP level 12. HP: 119/119 MP: 16/16
  4624 | D:13     | Noticed a vault guard
  4698 | D:13     | Killed a vault guard
  4711 | D:13     | Noticed a five-headed hydra
  4743 | D:14     | Found a flickering gateway to a bazaar.
  4763 | Bazaar   | Entered a bazaar
  4763 | Bazaar   | Found Pyer's Distillery.
  4770 | Bazaar   | Found Agrem's Antique Armour Shoppe.
  4788 | Bazaar   | Found Ylutamak's Gadget Boutique.
  4799 | Bazaar   | Found Axaecou's General Store.
  4800 | Bazaar   | Found Uhyprozes's Antique Weapon Emporium.
  4807 | Bazaar   | Bought a scroll of teleportation for 36 gold pieces
  4807 | Bazaar   | Bought a potion of curing for 36 gold pieces
  4826 | Bazaar   | Bought a potion of brilliance for 40 gold pieces
  4826 | Bazaar   | Bought a potion of flight for 30 gold pieces
  4826 | Bazaar   | Bought a potion of curing for 30 gold pieces
  4826 | Bazaar   | Bought a potion of magic for 80 gold pieces
  4826 | Bazaar   | Bought a potion of heal wounds for 50 gold pieces
  4826 | Bazaar   | Bought a potion of invisibility for 80 gold pieces
  4826 | Bazaar   | Bought a potion of curing for 30 gold pieces
  4886 | D:13     | Killed a vault guard
  4913 | D:13     | Reached skill level 13 in Unarmed Combat
  4951 | D:14     | Cast into the Abyss (a wizard)
  4968 | Abyss:1  | XOM: mild Trmt miscast
  4984 | Abyss:1  | Found a corrupted altar of Lugonu.
  5048 | Abyss:1  | XOM: summons 5 hostile demons
  5158 | Abyss:2  | XOM: noise
  5211 | Abyss:3  | Reached skill level 1 in Shields
  5242 | D:14     | Escaped the Abyss
  5254 | D:14     | Found Ogun's Serpentskin Sales.
  5412 | D:14     | XOM: medium Summ miscast
  5589 | D:15     | Entered Level 15 of the Dungeon
  5589 | D:15     | Found a stormy altar of Qazlal.
  5600 | D:15     | Found Yqa Pyt's Armour Shoppe.
  5666 | D:15     | Noticed a five-headed hydra
  5784 | D:15     | XOM: noise
  5892 | D:15     | Killed a five-headed hydra
  5908 | D:15     | XOM: noise
  5917 | D:15     | XOM: give mutations
  5917 | D:15     | Lost mutation: You regenerate. [Xom's mischief]
  5917 | D:15     | Gained mutation: Your body sometimes deteriorates upon taking damage. [Xom's mischief]
  5928 | D:15     | Found Fokhiup's Gadget Shoppe.
  5931 | D:15     | Found Naroigyop's Jewellery Shoppe.
  6077 | D:15     | Bought a +1 cloak of invisibility for 247 gold pieces
  6103 | D:15     | XOM: summons 14 hostile demons
  6129 | D:14     | Noticed an eight-headed hydra
  6134 | D:14     | XOM: torment (62/122 hp)
  6165 | D:14     | XOM: severe Tloc miscast
  6263 | D:13     | Noticed a seven-headed hydra
  6266 | D:13     | Noticed a vault guard
  6271 | D:13     | Noticed a hill giant
  6275 | D:13     | Killed a hill giant
  6275 | D:13     | Reached XP level 13. HP: 126/128 MP: 18/18
  6290 | D:13     | Killed a seven-headed hydra
  6293 | D:13     | Killed a hill giant
  6346 | D:13     | Noticed a vault guard
  6359 | D:13     | Killed a vault guard
  6383 | D:13     | XOM: summons 4 hostile shadow creatures
  6547 | Orc:1    | Entered Level 1 of the Orcish Mines
  6552 | Orc:1    | Noticed 4thArraOfDagon's ghost (powerful DDBe)
  6602 | Orc:1    | Killed 4thArraOfDagon's ghost
  6660 | Orc:1    | XOM: summons 14 hostile demons
  6959 | Orc:3    | Found a roughly hewn altar of Beogh.
  7195 | Orc:3    | XOM: give mutations
  7195 | Orc:3    | Gained mutation: You have a somewhat thin skeletal structure (Dex +2, Stealth). [Xom's mischief]
  7195 | Orc:3    | Gained mutation: You occasionally shout uncontrollably at your foes. [Xom's mischief]
  7195 | Orc:3    | Lost mutation: You occasionally shout uncontrollably at your foes. [Xom's mischief]
  7214 | Orc:3    | XOM: mild Hex miscast
  7218 | Orc:4    | Entered Level 4 of the Orcish Mines
  7317 | Orc:4    | Found a staircase to the Elven Halls.
  7331 | Orc:4    | XOM: summons 5 hostile shadow creatures
  7376 | Orc:4    | Reached skill level 14 in Unarmed Combat
  7397 | Orc:4    | Found a roughly hewn altar of Beogh.
  7448 | Orc:3    | XOM: torment (67/131 hp)
  7448 | Orc:3    | Was forgiven by Xom
  7532 | Orc:4    | Reached skill level 5 in Shields
  7653 | Orc:4    | Noticed an orc warlord
  7662 | Orc:4    | Killed an orc warlord
  7944 | Orc:4    | Found Utiy's Antique Armour Boutique.
  7945 | Orc:4    | Found Gaczom's Antique Weapon Shop.
  7946 | Orc:4    | Found Edwatoa's General Store.
  7946 | Orc:4    | Found Etudd's Jewellery Boutique.
  7960 | Orc:4    | Bought a runed robe for 23 gold pieces
  7979 | Orc:4    | Bought a potion of might for 56 gold pieces
  7979 | Orc:4    | Bought a scroll of teleportation for 42 gold pieces
  7979 | Orc:4    | Bought a scroll of identify for 28 gold pieces
  7979 | Orc:4    | Bought a scroll of identify for 28 gold pieces
  7979 | Orc:4    | Bought a scroll of noise for 14 gold pieces
  7980 | Orc:4    | Bought the ring of Uchih {SustAt rN+} for 373 gold pieces
  7980 | Orc:4    | Bought a cursed amulet of inaccuracy for 26 gold pieces
  7980 | Orc:4    | Bought a cursed ring of loudness for 58 gold pieces
  7980 | Orc:4    | Bought a cursed -3 ring of strength for 26 gold pieces
  8119 | Elf:1    | Entered Level 1 of the Elven Halls
  8187 | Elf:1    | Found a magical portal.
  8196 | WizLab   | Entered The Hall of Fanaro Rere the Hellbinder
  8447 | Elf:3    | Entered Level 3 of the Elven Halls
  8451 | Elf:3    | Reached XP level 14. HP: 140/140 MP: 19/19
  8820 | Elf:3    | Noticed a deep elf sorcerer
  8821 | Elf:3    | Noticed a deep elf demonologist
  8827 | Elf:3    | Noticed a deep elf annihilator
  8836 | Elf:3    | Killed a deep elf sorcerer
  8851 | Elf:3    | Killed a deep elf annihilator
  8871 | Elf:3    | Noticed a deep elf annihilator
  8877 | Elf:3    | Noticed a deep elf sorcerer
  8878 | Elf:3    | Killed a deep elf sorcerer
  8882 | Elf:3    | Noticed a deep elf sorcerer
  8885 | Elf:3    | Killed a deep elf annihilator
  8887 | Elf:3    | Killed a deep elf sorcerer
  8901 | Elf:3    | Noticed a deep elf demonologist
  8908 | Elf:3    | Killed a deep elf demonologist
  8910 | Elf:3    | Noticed a deep elf sorcerer
  8913 | Elf:3    | Noticed a deep elf sorcerer
  8913 | Elf:3    | Killed a deep elf sorcerer
  8913 | Elf:3    | Reached skill level 15 in Unarmed Combat
  8916 | Elf:3    | Noticed a deep elf sorcerer
  8921 | Elf:3    | Killed a deep elf sorcerer
  8927 | Elf:3    | Killed a deep elf sorcerer
  8929 | Elf:3    | Noticed a deep elf demonologist
  8936 | Elf:3    | Noticed a cacodemon
  8936 | Elf:3    | Killed a deep elf demonologist
  8937 | Elf:3    | Noticed a deep elf demonologist
  8951 | Elf:3    | Killed a deep elf demonologist
  8955 | Elf:3    | Killed a deep elf demonologist
  8962 | Elf:3    | Noticed a deep elf annihilator
  8968 | Elf:3    | Killed a deep elf annihilator
  9034 | Elf:3    | Noticed a deep elf sorcerer
  9051 | Elf:3    | Killed a deep elf sorcerer
  9061 | Elf:3    | Noticed a deep elf annihilator
  9067 | Elf:3    | Noticed a deep elf sorcerer
  9076 | Elf:3    | Killed a deep elf sorcerer
  9076 | Elf:3    | Reached skill level 10 in Fighting
  9080 | Elf:3    | Killed a deep elf annihilator
  9081 | Elf:3    | Noticed a deep elf blademaster
  9093 | Elf:3    | Killed a deep elf blademaster
  9139 | Elf:3    | Noticed a deep elf blademaster
  9170 | Elf:3    | Killed a deep elf blademaster
  9170 | Elf:3    | Reached skill level 10 in Invocations
  9172 | Elf:3    | Noticed a deep elf sorcerer
  9172 | Elf:3    | Cast into the Abyss (a deep elf sorcerer)
  9173 | Abyss:1  | Noticed a tentacled starspawn
  9178 | Abyss:1  | Killed a tentacled starspawn
  9232 | Abyss:2  | Found a corrupted altar of Lugonu.
  9329 | Abyss:2  | Reached XP level 15. HP: 144/149 MP: 19/21
  9340 | Abyss:2  | Found a corrupted altar of Lugonu.
  9498 | Abyss:4  | Found a corrupted altar of Lugonu.
  9507 | Abyss:4  | Found a corrupted altar of Lugonu.
  9544 | Abyss:4  | Got a brightly glowing mace
  9596 | Elf:3    | Escaped the Abyss
  9622 | Elf:3    | Killed a deep elf sorcerer
  9635 | Elf:3    | Noticed a deep elf sorcerer
  9636 | Elf:3    | Killed a deep elf sorcerer
  9648 | Elf:3    | Reached skill level 10 in Dodging
  9682 | Elf:3    | Noticed a deep elf demonologist
  9682 | Elf:3    | Cast into the Abyss (a deep elf demonologist)
  9709 | Abyss:1  | Noticed a tentacled starspawn
  9710 | Abyss:1  | Noticed a lich
  9796 | Elf:3    | Escaped the Abyss
  9803 | Elf:3    | Killed a deep elf demonologist
  9834 | Elf:3    | Noticed a deep elf annihilator
  9835 | Elf:3    | Noticed a deep elf demonologist
  9844 | Elf:3    | Killed a deep elf demonologist
  9849 | Elf:3    | Killed a deep elf annihilator
  9918 | Elf:3    | Noticed a deep elf annihilator
  9927 | Elf:3    | Killed a deep elf annihilator
  9937 | Elf:3    | Noticed a deep elf demonologist
  9944 | Elf:3    | Killed a deep elf demonologist
  9962 | Elf:3    | Got a smoking steel ring
  9965 | Elf:3    | Identified the ring of Freedom {rF+ Str+3 SInv} (You took it off a deep elf high priest on level 3 of the Elven Halls)
 10048 | Elf:3    | Identified the Handbook of Objectivity
 10087 | Elf:3    | Noticed a deep elf annihilator
 10089 | Elf:3    | Noticed a deep elf annihilator
 10095 | Elf:3    | Killed a deep elf annihilator
 10100 | Elf:3    | Killed a deep elf annihilator
 10127 | Elf:3    | Gained mutation: You are robust (+10% HP). [potion of beneficial mutation]
 10132 | Elf:3    | Identified the Grimoire of Noxious Conjuration (You found it on level 3 of the Elven Halls)
 10267 | Elf:2    | Reached skill level 16 in Unarmed Combat
 10469 | Lair:1   | Entered Level 1 of the Lair of Beasts
 10469 | Lair:1   | Noticed Sonja
 10471 | Lair:1   | Killed Sonja
 10509 | Lair:2   | Found a dark tunnel.
 10516 | Volcano  | Entered a volcano
 10536 | Volcano  | Found a bloodstained altar of Trog.
 10656 | Lair:1   | Noticed Erica
 10665 | Lair:1   | Killed Erica
 10804 | Lair:3   | Reached XP level 16. HP: 165/174 MP: 22/22
 10838 | Lair:3   | Found a shattered altar of Ashenzari.
 10962 | Lair:5   | Learned a level 7 spell: Controlled Blink
 11054 | Lair:6   | Found a frozen archway.
 11064 | IceCv    | Entered an ice cave
 11177 | IceCv    | Reached skill level 1 in Translocations
 11374 | Lair:8   | Entered Level 8 of the Lair of Beasts
 11437 | Lair:7   | Noticed Nessos
 11439 | Lair:7   | Killed Nessos
 11497 | Lair:8   | Reached XP level 17. HP: 116/183 MP: 17/23
 11602 | Lair:8   | Found a labyrinth entrance.
 11612 | Lab      | Entered a labyrinth
 11694 | Lab      | Identified Birau's Papyrus of Snow (You found it in a labyrinth)
 11797 | Lair:8   | Reached skill level 10 in Shields
 12097 | Lair:5   | Learned a level 3 spell: Regeneration
 12220 | Lair:5   | You fall through a shaft for 2 floors!
 12439 | Lair:5   | Found a staircase to the Swamp.
 12492 | Swamp:1  | Entered Level 1 of the Swamp
 12722 | Swamp:2  | Got an ancient iron ring
 12723 | Swamp:2  | Identified the ring "Zodghar" {rC- Str+4 Dex+3} (You found it on level 2 of the Swamp)
 13185 | Swamp:4  | Entered Level 4 of the Swamp
 13312 | Swamp:4  | Reached skill level 17 in Unarmed Combat
 13744 | Swamp:4  | Got a decaying rune of Zot
 14243 | Lair:3   | Found a hole to the Spider Nest.
 14273 | Spider:1 | Entered Level 1 of the Spider Nest
 14337 | Spider:1 | Reached skill level 5 in Translocations
 14337 | Spider:1 | Reached XP level 18. HP: 196/196 MP: 25/25
 14507 | Spider:3 | Noticed Arachne
 14523 | Spider:3 | Killed Arachne
 14585 | Spider:3 | Noticed Norris
 14607 | Spider:3 | Killed Norris
 14631 | Spider:4 | Entered Level 4 of the Spider Nest
 14908 | Spider:4 | Reached skill level 5 in Spellcasting
 15097 | Spider:4 | Got a gossamer rune of Zot
 15320 | Lair:6   | Found a staircase to the Slime Pits.
 15368 | Slime:1  | Entered Level 1 of the Pits of Slime
 15575 | Slime:1  | Reached skill level 1 in Charms
 15575 | Slime:1  | Reached skill level 1 in Necromancy
 15855 | Slime:4  | Noticed Dissolution
 15907 | Slime:3  | You fall through a shaft!
 15941 | Slime:2  | HP: 6/196 [azure jelly (18)]
 15941 | Slime:2  | Mangled by an azure jelly

Vault maps used:
D:1:      lemuel_arrival_river_ford
D:2:      minmay_goblin_outpost
D:3:      first_bread
D:4:      minmay_temple_entry_junction
D:5:      xom_confusion_cloud, kennysheep_mini, grunt_temple_overflow_open,
          uniq_sigmund, uniq_prince_ribbit1
D:6:      black_bear_nest_1
D:7:      grunt_temple_overflow_holy_war, zin_treasury
D:8:      hangedman_tree_tricks, minmay_tree_intersection,
          nicolae_ashenzari_panopticon
D:9:      kennysheep_little_box, grunt_lair_entry_elf_guard_hut
D:10:     david_orc_5, grunt_ministairs_8
D:11:     serial_shops, shop, nrook_loot_triangle, uniq_harold
D:12:     evilmike_minifort
D:13:     erik_vaults_2, serial_shops, shop, minmay_protected_statue
D:14:     serial_shops, bzr_entry_dummy, hex_medium, st_stairs_4,
          guppyfry_shop_venom
D:15:     gammafunk_enter_depths_forms, basic_altar, serial_shops, shop,
          nicolae_shop_crystal, shop, shop
Temple:   circular_temple_6
Lair:1:   uniq_sonja, uniq_erica
Lair:2:   enter_volcano_3, basic_altar, serial_bayou_shore_b, grunt_megastairs_4
Lair:3:   spider_nest_entry_a, lemuel_centaur_altar
Lair:4:   kennysheep_abandoned_house
Lair:5:   minmay_swamp_entry_swarm, grunt_megastairs_3
Lair:6:   nicolae_slime_entry_slimehenge, portal_ice_cave_entry_pillars_02,
          lemuel_fruit_fields
Lair:7:   uniq_nessos
Lair:8:   minmay_lair_end_enchanted_forest, lab_entry_generic
Swamp:1:  evilmike_swamp_ruin_house_1, infiniplex_staircase_pool
Swamp:2:  hangedman_swamp_ruin_hall
Swamp:3:  evilmike_swamp_ruin_rubble_1
Swamp:4:  swamp_icy
Spider:1: spider_trap
Spider:2: spider_trap, uniq_nikola
Spider:3: hangedman_spider_tarantella_strand, uniq_norris, uniq_arachne
Spider:4: guppyfry_spider_rune, worms_lemuel
Slime:4:  uniq_dissolution
Orc:2:    nicolae_orc_accident_2, uniq_fannar, uniq_maurice
Orc:3:    nicolae_orc_pool_cavern, mines2_david
Orc:4:    st_orc_congregation, nicolae_orc_rockfall, mines1_david
Elf:1:    mu_enter_wizlab_6, serial_shops, nicolae_shop_crystal, uniq_louise
Elf:2:    hangedman_elf_targetted_burst, spider_trap, hangedman_elf_simple_split
Elf:3:    minmay_elf_hall_x, minmay_misc_feat_pillars
Abyss:1:  guppyfry_abyss_exit_glass_guarded
Abyss:2:  eino_small_chamber_without_monster
Abyss:3:  guppyfry_abyss_exit_imp_island, minivault_5,
          hangedman_abyss_mock_shop, evilmike_abyss_rune_ettins,
          evilmike_abyss_exit_glass
Abyss:4:  hangedman_abyss_shoalhut
Lab:      nicolae_lab_checkerboard, labyrinth_skeletal_remains,
          nicolae_lab_dead_end, nicolae_lab_x, nicolae_lab_swirl,
          nicolae_lab_arrow
Bazaar:   bazaar_lake
IceCv:    ice_cave_small_dragons
Volcano:  kennysheep_volcano_temple
WizLab:   wizlab_demon

Action                   |  1- 3 |  4- 6 |  7- 9 | 10-12 | 13-15 | 16-18 || total
-------------------------+-------+-------+-------+-------+-------+-------++-------
Melee: Unarmed           |    56 |    48 |   320 |   513 |   769 |  1349 ||  3055
Throw: Large rock        |       |       |       |    32 |    54 |    66 ||   152
 Cast: Regeneration      |       |       |       |       |       |     9 ||     9
       Controlled Blink  |       |       |       |       |       |     2 ||     2
Invok: Bend Time         |       |       |       |     5 |     1 |       ||     6
       Temporal Distorti |       |       |       |     2 |     2 |       ||     4
       Slouch            |       |       |       |       |    12 |    11 ||    23
 Abil: Evoke Teleportati |       |       |     5 |    10 |    15 |    17 ||    47
       Spit Poison       |       |       |       |     1 |       |       ||     1
       Evoke Flight      |       |       |       |       |       |     1 ||     1
Evoke: Wand              |       |       |     1 |     9 |     9 |     6 ||    25
       Deck              |       |       |       |     4 |       |       ||     4
       Box of beasts     |       |       |       |       |       |     1 ||     1
  Use: Potion            |     3 |     3 |     4 |       |     6 |     6 ||    22
       Scroll            |     7 |     1 |     5 |    14 |    15 |    22 ||    64
 Stab: Sleeping          |       |       |       |     1 |     5 |    12 ||    18
       Distracted        |       |       |       |       |     3 |     2 ||     5
       Invisible         |       |       |       |       |     9 |       ||     9
       Petrified         |       |       |       |       |       |     6 ||     6
       Confused          |       |       |       |       |       |     4 ||     4
  Eat: Chunk             |    11 |       |    17 |    36 |    40 |    37 ||   141
       Bread ration      |       |       |     2 |       |       |       ||     2
       Beef jerky        |       |       |       |     1 |     1 |       ||     2
       Fruit             |       |       |       |     1 |       |     1 ||     2
       Pizza             |       |       |       |       |     1 |       ||     1
